 Dungeon Crawl Stone Soup version 0.28-a0-1412-gf95308ed99 (webtiles) character file.

Game seed: 9704278222113978135

1108 Lekart the Chopper (level 8, -2/61 (67) HPs)
             Began as a Pale Draconian Gladiator on Jan 7, 2022.
             Was an Initiate of Yredelemnul.
             Slain by a wight (7 damage)
             ... on level 5 of the Dungeon.
             The game lasted 00:08:40 (6269 turns).

Lekart the Chopper (Pale Draconian Gladiator)       Turns: 6269, Time: 00:08:41

HP:   -2/61 (67)    AC:  6    Str: 16    XL:     8   Next: 11%
MP:   8/8           EV: 13    Int: 10    God:    Yredelemnul [......]
Gold: 136           SH:  0    Dex: 14    Spells: 7/7 levels left

rFire   . . .      SeeInvis .   a - +0 war axe (flame)
rCold   . . .      Faith    .   (no shield)
rNeg    . . .      Spirit   .   (armour unavailable)
rPois   .          Reflect  .   b - +0 hat
rElec   .          Harm     .   (no cloak)
rCorr   .          Rampage  .   (no gloves)
Will    .....                   (no boots)
Stlth   +.........              (no amulet)
HPRegen 0.20/turn               (no ring)
MPRegen 0.11/turn               (no ring)

@: drained
A: breathe steam, AC +6, unfitting armour, cold-blooded, steam resistance
a: Breathe Steam, Renounce Religion, Recall Undead Harvest


You were on level 5 of the Dungeon.
You worshipped Yredelemnul.
Yredelemnul was noncommittal.
You visited 1 branch of the dungeon, and saw 5 of its levels.

You collected 136 gold pieces.

Inventory:

Hand Weapons
 a - a +0 war axe of flaming (weapon)
Missiles
 n - 2 poisoned darts (quivered)
Armour
 b - a +0 hat (worn)
Jewellery
 j - a ring of wizardry
 l - an amulet of the acrobat
 t - a ring of wizardry
Wands
 k - a wand of polymorph (8)
 o - a wand of digging (7)
Scrolls
 d - 2 scrolls of teleportation
 i - a scroll of vulnerability {unknown}
 m - 4 scrolls of identify
 q - a scroll of enchant armour {unknown}
Potions
 c - a potion of mutation {unknown}
 e - a potion of attraction
 f - a potion of heal wounds
 g - 3 potions of flight
 h - a potion of resistance
 p - 2 potions of curing
 r - a potion of haste {unknown}
 s - a potion of invisibility {unknown}


   Skills:
 + Level 4.6 Fighting
 + Level 7.7 Axes
 + Level 3.1 Throwing
 + Level 4.5 Dodging
 + Level 0.2 Evocations


You had 7 spell levels left.
You didn't know any spells.
Your spell library contained the following spells:

 Spells                   Type           Power      Damage    Failure   Level
 Freeze                   Ice            0%         1d3       36%         1
 Slow                     Hex            0%         N/A       36%         1
 Confusing Touch          Hex            0%         N/A       75%         3
 Frozen Ramparts          Ice            0%         1d2       75%         3
 Vampiric Draining        Necr           0%         2d6       75%         3
 Hailstorm                Conj/Ice       0%         3d3       98%         4
 Blade Hands              Tmut           0%         N/A       100%        5
 Iron Shot                Conj/Erth      0%         9d1       100%        6
 Animate Armour           Summ/Erth      Unusable   N/A       N/A         4

Dungeon Overview and Level Annotations

Branches:
Dungeon (5/15)
 Temple: D:4-7

Altars:
Ashenzari
Fedhas
Gozag
Makhleb
Yredelemnul
Zin


Innate Abilities, Weirdness & Mutations

You can breathe blasts of scalding, opaque steam.
Your pale cyan-grey scales are hard. (AC +6)
You cannot fit into any form of body armour.
You are cold-blooded and may be slowed by cold attacks.
You are immune to the effects of steam.


Message History

You feel drained. The wight closely misses you.
The wight hits your orc warrior zombie with a +3 hand axe!
The wight closely misses your orc zombie.
Things that are here:
a +0 dagger; a +0 robe You hit the wight.
You burn the wight.
Your tail-slap misses the wight.
The wight is lightly damaged.
You hit the wight but do no damage.
Your orc warrior zombie hits the wight.
The wight hits you with a +3 short sword.
The wight hits you with a +3 hand axe!
You feel drained.
The wight hits your orc warrior zombie with a +3 hand axe.
The wight hits your orc zombie with a +3 hand axe!
Your orc zombie is destroyed!
You barely miss the wight.
The wight is lightly damaged.
You hit the wight. You burn the wight. The wight barely misses you.
Your orc warrior zombie misses the wight.
The wight hits you but does no damage.
The wight completely misses your orc warrior zombie.
You slash the wight! You burn the wight.
Your tail-slap misses the wight.
The wight is almost destroyed.
You closely miss the wight.
The wight hits you with a +3 short sword.
You feel drained.
Your orc warrior zombie barely misses the wight.
The wight hits you with a +3 hand axe!
* * * LOW HITPOINT WARNING * * *
The wight hits your orc warrior zombie with a +3 hand axe!
Your orc warrior zombie is destroyed!
You hit the wight. You burn the wight.
The wight is heavily damaged.
You completely miss the wight. The wight closely misses you.
The wight hits you with a +3 hand axe.
* * * LOW HITPOINT WARNING * * *
You feel drained.
The wight hits you with a +3 short sword!
* * * LOW HITPOINT WARNING * * *
The wight hits you with a +3 hand axe!
You die...
Your body rises from the dead as a mindless zombie.

#........Z.# #..#...########
#.....Z##### #......'.......
#..(...# ##.....#####.##
####'### ####....#####.#
#####.# ###.....<....##.#
#...#.### #......##.##.##.##
#...#...# #......##.##.....'
#.....#.#####.z.[..##.#####.##
##...........@)z....#.......#
#..#.#.####.##.....######.(##
#####Z#.# #.##.P....# #....
#..Z..#Z# #.##....#.### #....
#.#####Z## #.##._....... #....
#Z# #...(###'##....#.## #....
##Z###....##.....P..#(# ##...
#...ZZ....##...#....# #...
######....##...###.## #.##


You could see 2 wights.

Vanquished Creatures
  An orc warrior (D:5)
  A black bear (D:5)
  An ogre (D:4)
  A phantom (D:4)
  2 kobold brigands (D:3)
  A jelly (D:4)
  2 wights (D:5)
  A centaur zombie (D:5)
  Natasha (thrice) (D:2)
  2 iguanas (D:4)
  An orc wizard (D:3)
  A scorpion zombie (D:3)
  9 adders
  A white imp (D:5)
  An ufetubus (D:4)
  An adder zombie (D:3)
  2 worms
  3 dart slugs
  22 orcs
  7 ball pythons
  12 bats
  9 endoplasms
  A giant cockroach (D:1)
  14 goblins
  11 hobgoblins
  5 jackals
  13 kobolds
  6 quokkas
  A frilled lizard (D:1)
  A jackal zombie (D:3)
  5 rats
141 creatures vanquished.

Vanquished Creatures (collateral kills)
  A wight (D:5)
1 creature vanquished.

Vanquished Creatures (others)
  An adder zombie (D:5)
  A spectral white imp (D:5)
  3 orc zombies (D:5)
5 creatures vanquished.

Grand Total: 147 creatures vanquished

Notes
Turn   | Place    | Note
-------+----------+-------------------------------------------
     0 | D:1      | Lekart the Draconian Gladiator began the quest for the Orb.
     0 | D:1      | Reached XP level 1. HP: 17/17 MP: 1/1
   332 | D:1      | Reached XP level 2. HP: 24/24 MP: 2/2
  1168 | D:1      | Reached XP level 3. HP: 30/30 MP: 3/3
  1351 | D:2      | Noticed Natasha
  1369 | D:2      | HP: 1/30 [Natasha (4)]
  1371 | D:2      | Killed Natasha
  1372 | D:2      | Reached skill level 4 in Axes
  1679 | D:2      | Reached XP level 4. HP: 37/37 MP: 4/4
  1698 | D:2      | Noticed Natasha
  1704 | D:2      | Killed Natasha
  2020 | D:2      | Noticed Natasha
  2028 | D:2      | Killed Natasha
  2188 | D:2      | Reached XP level 5. HP: 34/44 MP: 5/5
  2900 | D:3      | Noticed Jessica
  2907 | D:3      | Reached skill level 5 in Axes
  2911 | D:3      | Noticed Jessica
  2911 | D:3      | Jessica changed into Jessica the goblin
  2915 | D:3      | Killed Jessica the goblin
  3061 | D:3      | Reached XP level 6. HP: 26/51 MP: 6/6
  3614 | D:3      | Found a glowing silver altar of Zin.
  3687 | D:3      | Reached skill level 6 in Axes
  3729 | D:3      | Found an opulent altar of Gozag.
  3934 | D:3      | Found a basalt altar of Yredelemnul.
  4661 | D:4      | Found a broken altar of Ashenzari.
  4670 | D:4      | Your scales start taking on a pale cyan-grey colour.
  4670 | D:4      | Reached XP level 7. HP: 56/58 MP: 7/7
  4670 | D:4      | Gained mutation: You are immune to the effects of steam.
                  | [Pale Draconian growth]
  5161 | D:4      | Found a blossoming altar of Fedhas.
  5344 | D:4      | Reached skill level 7 in Axes
  5461 | D:5      | Entered Level 5 of the Dungeon
  5539 | D:3      | Became a worshipper of Yredelemnul the Dark
  5613 | D:5      | Found a burning altar of Makhleb.
  6190 | D:5      | Reached * piety under Yredelemnul
  6258 | D:5      | Reached XP level 8. HP: 55/67 MP: 8/8
  6269 | D:5      | Slain by a wight

Illustrated notes

Levels and vault maps discovered:
D:1:      lightli_arrival_isolated_outpost, layout_basic
D:2:      layout_basic, minmay_circled_x, uniq_natasha
D:3:      cheibrodos_thug_alley, layout_basic,
          pdpol_temple_overflow_zin_treasury_gozag_greed,
          nicolae_yredelemnul_corpse_copse, kennysheep_generic_room_12,
          uniq_jessica
D:4:      layout_basic, lemuel_doored_altar, mainiacjoe_overflow_small_starburst
D:5:      layout_basic, mainiacjoe_overflow_tiny_flanked

Skill      XL: |  1  2  3  4  5  6  7 |
---------------+----------------------+-----
Dodging        | 3 4 |  4.5
Axes           | 4 5 6 7 |  7.7
Fighting       | 3 4 |  4.6
Throwing       | 2 3 |  3.1
Evocations     | |  0.2

Action                   |  1- 3 |  4- 6 |  7- 9 || total
-------------------------+-------+-------+-------++-------
Melee: War axe           |    72 |   169 |   111 ||   352
       Tailslap          |     7 |    23 |    11 ||    41
       Punch             |       |     1 |     2 ||     3
Throw: Dart              |       |    33 |    13 ||    46
       Throwing net      |       |     3 |       ||     3
 Abil: Breathe Steam     |       |       |     3 ||     3
Evoke: Wand              |       |     4 |       ||     4
  Use: Scroll            |     4 |     4 |       ||     8
       Potion            |     1 |     1 |       ||     2
 Stab: Sleeping          |     1 |       |     1 ||     2
Armor: Skin              |    16 |    43 |    36 ||    95
Dodge: Dodged            |    51 |   122 |    92 ||   265

Table legend: (Time is in decaauts)
 A = Elapsed time spent in this place.
 B = Non-inter-level travel time spent in this place.
 C = Inter-level travel time spent in this place.
 D = Time resting spent in this place.
 E = Time spent auto-exploring this place.
 F = Levels seen in this place.
 G = Mean time per level.
                   A        B        C        D        E       F      G
               +--------+--------+--------+--------+--------+-----+--------+
         Total |   6375 |   6144 |    231 |   1501 |   3712 |   5 | 1275.0 |
       Dungeon |   6375 |   6144 |    231 |   1501 |   3712 |   5 | 1275.0 |
               +--------+--------+--------+--------+--------+-----+--------+

Top non-repeatable levels by time:
     D:2: 1632 daAuts
     D:3: 1492 daAuts
     D:4: 1301 daAuts
     D:1: 1245 daAuts
     D:5: 703 daAuts
